[Event "Titled Tuesday Blitz July 18 Late 2023"]
[White "Anton Guijarro, David"]
[Black "Makarian, Rudik"]
[WhiteFideId "2285525"]
[BlackFideId "44105681"]
[WhiteElo "2925"]
[BlackElo "2996"]
[Result "1-0"]
[Round "10"]
[TimeControl "180+2"]
[Date "2023.07.18"]
[WhiteClock "0:00:00"]
[BlackClock "0:00:02"]
[Board "9"]

1. d4 Nf6 2. c3 d5 3. Nf3 c5 4. e3 Nbd7 5. Bd3 g6 6. O-O Bg7 7. a4 O-O 8. a5 Qc7 9. b3 e5 10. Be2 Re8 11. Bb2 e4 12. Nfd2 h5 13. c4 Ng4 14. Bxg4 hxg4 15. Nc3 dxc4 16. Nxc4 Nf6 17. Nb5 Qe7 18. Nbd6 Rd8 19. dxc5 Be6 20. Qc2 Qc7 21. Bd4 Bd5 22. Rfd1 Qc6 23. Qb2 Bxc4 24. bxc4 Nh5 25. Bxg7 Nxg7 26. Rd5 Ne6 27. Nxe4 f5 28. Nd6 Rf8 29. Qe5 Ng7 30. Rb1 b6 31. axb6 axb6 32. cxb6 Rab8 33. b7 Kh7 34. h3 gxh3 35. gxh3 Nh5 36. Qe7+ Kh6 37. Qe6 Kh7 38. Qe5 f4 39. e4 f3 40. Qe7+ Kh6 41. Qg5+ Kh7 42. Nf5 gxf5 43. Qxh5+ Kg7 44. Qg5+ Kh7 45. Qh5+ Kg7 46. Rbd1 Rf6 47. Rd7+ Kf8 48. Qh8# 1-0


[Site "https://www.chess.com"]

[Event "Titled Tuesday Blitz July 18 Late 2023"]
[White "Alex_Sahakyan2006"]
[Black "Kamsky, Gata"]
[BlackFideId "2000024"]
[WhiteElo "2700"]
[BlackElo "2988"]
[Result "1-0"]
[Round "10"]
[TimeControl "180+2"]
[Date "2023.07.18"]
[WhiteClock "0:00:02"]
[BlackClock "0:00:00"]
[Board "10"]

1. e4 c5 2. Nf3 e6 3. d4 cxd4 4. Nxd4 a6 5. Bd3 Bc5 6. Nb3 Ba7 7. Qe2 Ne7 8. Be3 e5 9. O-O O-O 10. Nc3 Nbc6 11. Nd5 d6 12. Bc4 b5 13. Nxe7+ Nxe7 14. Bd3 Be6 15. Bxa7 Rxa7 16. Qe3 Qb8 17. Rfd1 Rc8 18. c3 Rb7 19. Na5 Rb6 20. Be2 d5 21. exd5 Nxd5 22. Qe4 Nf4 23. Bf3 f5 24. Qe3 e4 25. Be2 Bf7 26. Rd7 Rg6 27. Bf1 Be6 28. Ra7 Bd5 29. Rd1 h5 30. g3 Be6 31. Re7 Nd5 32. Rxd5 Bxd5 33. Qd4 Bf7 34. Bh3 Rd8 35. Qb4 Rd1+ 36. Bf1 Qd6 37. Qxd6 Re6 38. Qxe6 Bxe6 39. Rxe6 1-0


[Site "https://www.chess.com"]

[Event "Titled Tuesday Blitz July 18 Late 2023"]
[White "Oparin, Grigoriy"]
[Black "Nguyen, Ngoc Truong Son"]
[WhiteFideId "24125890"]
[BlackFideId "12401110"]
[WhiteElo "2986"]
[BlackElo "2877"]
[Result "1-0"]
[Round "10"]
[TimeControl "180+2"]
[Date "2023.07.18"]
[WhiteClock "0:00:08"]
[BlackClock "0:00:00"]
[Board "11"]

1. Nf3 Nf6 2. c4 d6 3. g3 g6 4. Nc3 Bg7 5. Bg2 e5 6. O-O Nbd7 7. d4 O-O 8. e4 Qe7 9. Qc2 c6 10. Rd1 h6 11. d5 c5 12. Rb1 Nh7 13. b4 f5 14. Nh4 Qf6 15. Nb5 f4 16. Nc7 Rb8 17. Ne6 cxb4 18. Nf3 g5 19. gxf4 gxf4 20. Nxf8 Nhxf8 21. Bh3 Nc5 22. Bxc8 Rxc8 23. Kh1 Qg6 24. Re1 Qh5 25. Qe2 a5 26. a3 b3 27. a4 Nfd7 28. Ba3 Kh7 29. Nd2 Qxe2 30. Rxe2 b6 31. f3 Bf8 32. Rg2 Nxa4 33. Rxb3 Nac5 34. Rb1 Be7 35. Kg1 Nd3 36. Kf1 N3c5 37. Ke2 Na4 38. Kd3 Ndc5+ 39. Kc2 Nd7 40. Rbg1 Bf6 41. Bxd6 b5 42. Ra1 Ndb6 43. Rgg1 Nxc4 44. Nxc4 Rxc4+ 45. Kd2 Rd4+ 46. Ke1 Rd3 47. Ke2 Re3+ 48. Kf2 Rd3 49. Rgd1 Rxd1 50. Rxd1 Nc3 51. Ra1 Bd8 52. Bxe5 Bb6+ 53. Kg2 Ne2 54. d6 Kg6 55. d7 Kf7 56. Re1 Ke6 57. Rxe2 Kxe5 58. Rd2 Bd8 59. Rd5+ Ke6 60. Rxb5 Kxd7 61. Kf2 Kc6 62. Rd5 Bb6+ 63. Ke2 a4 64. Kd3 a3 65. Kc2 1-0


[Site "https://www.chess.com"]

[Event "Titled Tuesday Blitz July 18 Late 2023"]
[White "Duda, Jan-Krzysztof"]
[Black "Karacsonyi, Gellert"]
[WhiteFideId "1170546"]
[BlackFideId "764620"]
[WhiteElo "3007"]
[BlackElo "2819"]
[Result "1-0"]
[Round "10"]
[TimeControl "180+2"]
[Date "2023.07.18"]
[WhiteClock "0:01:33"]
[BlackClock "0:00:43"]
[Board "12"]

1. c4 Nf6 2. g3 e6 3. Bg2 d5 4. Nf3 dxc4 5. O-O c5 6. Na3 Nc6 7. Nxc4 Be7 8. b3 O-O 9. Bb2 Nd5 10. d4 cxd4 11. Nxd4 Nxd4 12. Qxd4 Bf6 13. Qd2 Bxb2 14. Qxb2 b5 15. Rfd1 bxc4 16. bxc4 Qb6 17. Qe5 f6 18. Qh5 Nc3 19. Bxa8 Nxd1 20. Rxd1 Ba6 21. Rd7 Bxc4 22. Qg4 g6 23. Qxc4 Rxa8 24. Qh4 h5 25. Qxf6 Qb1+ 26. Kg2 Qe4+ 27. f3 Qxe2+ 28. Kh3 Qf1+ 29. Kh4 1-0


[Site "https://www.chess.com"]

[Event "Titled Tuesday Blitz July 18 Late 2023"]
[White "Tristan, Leonardo"]
[Black "Bluebaum, Matthias"]
[WhiteFideId "113816"]
[BlackFideId "24651516"]
[WhiteElo "2794"]
[BlackElo "3005"]
[Result "0-1"]
[Round "10"]
[TimeControl "180+2"]
[Date "2023.07.18"]
[WhiteClock "0:00:00"]
[BlackClock "0:01:44"]
[Board "13"]

1. d4 d5 2. Nf3 e6 3. Bf4 c5 4. e3 Nc6 5. Nbd2 Bd6 6. Bg3 Bxg3 7. hxg3 Qb6 8. dxc5 Qxb2 9. Bd3 Nf6 10. O-O O-O 11. c4 Rd8 12. Qb3 Qxb3 13. Nxb3 dxc4 14. Bxc4 Bd7 15. Rab1 Rac8 16. Rfd1 Kf8 17. Bb5 Ne4 18. Rbc1 Nb8 19. Bd3 Nf6 20. Ne5 Ba4 21. Be2 Nbd7 22. Nxd7+ Rxd7 23. Bf3 Rxd1+ 24. Rxd1 Bxb3 25. axb3 Rxc5 26. Rd8+ Ke7 27. Rb8 Rb5 28. Rxb7+ Rxb7 29. Bxb7 Kd6 30. Kf1 Kc5 31. Ba6 Kb4 32. Ke2 Ne4 33. Bd3 Nc3+ 34. Kd2 h6 35. Kc2 Nd5 36. Bc4 Nf6 37. f3 Nd7 38. g4 a5 39. Be2 Nc5 40. f4 Nxb3 0-1


[Site "https://www.chess.com"]

[Event "Titled Tuesday Blitz July 18 Late 2023"]
[White "Matinian, Nikita"]
[Black "Yoo, Christopher Woojin"]
[WhiteFideId "24129100"]
[BlackFideId "30909694"]
[WhiteElo "2745"]
[BlackElo "2973"]
[Result "0-1"]
[Round "10"]
[TimeControl "180+2"]
[Date "2023.07.18"]
[WhiteClock "0:00:06"]
[BlackClock "0:00:11"]
[Board "14"]

1. e4 e5 2. Nf3 Nc6 3. Bb5 a6 4. Ba4 Nf6 5. O-O Bc5 6. c3 b5 7. Bb3 d6 8. d4 Bb6 9. Be3 Bg4 10. Nbd2 exd4 11. cxd4 Bxd4 12. Bxf7+ Kf8 13. Bd5 Bxe3 14. fxe3 Qe8 15. Rc1 Bd7 16. Nd4 Nxd4 17. Bxa8 Ne6 18. Bd5 c6 19. Bb3 Nc5 20. Nf3 Ncxe4 21. Qe1 g6 22. Qa5 Kg7 23. Qxa6 Nc5 24. Qa7 Qxe3+ 25. Kh1 Nfe4 26. Rc2 Rf8 27. Be6 Qd3 28. Rcc1 Qe3 29. Rc2 Ng3+ 30. hxg3 Qxe6 31. Re1 Qf5 32. Rce2 Kh6 33. Re7 Rf7 34. Rxf7 Qxf7 35. Qa3 Qf6 36. Qe3+ Kg7 37. Qe7+ Qxe7 38. Rxe7+ Kf6 39. Rxh7 Be6 40. a3 Ne4 41. Kh2 c5 42. Rb7 Bc4 43. Rb6 Ke7 44. g4 Ke6 45. g5 Kd5 46. Rb8 Be2 47. Rg8 Bxf3 48. gxf3 Nxg5 49. Rf8 Ne6 50. Rf6 g5 51. Kg3 Ke5 52. Rf7 d5 53. Rb7 Nd4 54. Kg4 c4 55. Re7+ Kf6 56. Re3 Ne6 57. Re1 d4 58. Re4 d3 59. Re1 Nf4 60. Rd1 Ne2 61. Rd2 Nf4 62. Rh2 Nd5 63. Rd2 Ne3+ 64. Kh5 Kf5 65. Kh6 Kf4 66. Kg6 Nf5 67. Kf6 Nd4 68. Rd1 Nxf3 69. Ke6 g4 70. Kd5 g3 71. Kc5 g2 72. Kxb5 g1=Q 73. Rxg1 Nxg1 74. Kxc4 d2 75. a4 d1=Q 76. a5 Qa4+ 0-1


[Site "https://www.chess.com"]

[Event "Titled Tuesday Blitz July 18 Late 2023"]
[White "Svane, Rasmus"]
[Black "Ovchinnikov, Vsevolod"]
[WhiteFideId "4657101"]
[BlackFideId "24176842"]
[WhiteElo "2955"]
[BlackElo "2654"]
[Result "1-0"]
[Round "10"]
[TimeControl "180+2"]
[Date "2023.07.18"]
[WhiteClock "0:01:06"]
[BlackClock "0:00:00"]
[Board "15"]

1. Nf3 Nf6 2. g3 g6 3. Bg2 Bg7 4. O-O O-O 5. d4 d5 6. c4 dxc4 7. Na3 Nc6 8. Nxc4 Be6 9. b3 Bd5 10. Bb2 a5 11. Rc1 a4 12. bxa4 Nd7 13. Ne3 Bxa2 14. Ra1 Be6 15. Ng5 Nb6 16. Nxe6 fxe6 17. Bxc6 bxc6 18. a5 Nd5 19. Qc1 Ra6 20. Nc4 Qb8 21. Rb1 Qa7 22. e3 c5 23. dxc5 Qxc5 24. Bxg7 Kxg7 25. Qb2+ Kg8 26. Rfc1 Rfa8 27. Ne5 Qxa5 28. Ng4 h5 29. Nh6+ Kh7 30. Nf7 Nf6 31. h4 Qf5 32. Ng5+ Kg8 33. Rxc7 Rf8 34. Rxe7 Rc6 35. Qb7 1-0


[Site "https://www.chess.com"]

[Event "Titled Tuesday Blitz July 18 Late 2023"]
[White "Nasuta, Grzegorz"]
[Black "Zhigalko, Sergei"]
[WhiteFideId "1141686"]
[BlackFideId "13502956"]
[WhiteElo "2740"]
[BlackElo "2885"]
[Result "0-1"]
[Round "10"]
[TimeControl "180+2"]
[Date "2023.07.18"]
[WhiteClock "0:00:03"]
[BlackClock "0:00:26"]
[Board "16"]

1. e4 c5 2. Nf3 Nc6 3. Bb5 Nf6 4. Bxc6 dxc6 5. d3 Bg4 6. Nbd2 Qc7 7. h3 Bh5 8. Nc4 Nd7 9. Qe2 b5 10. Ne3 e6 11. Bd2 Bd6 12. a4 f6 13. g4 Bf7 14. h4 O-O 15. h5 h6 16. Rg1 Rfe8 17. Bc3 a5 18. b3 e5 19. Nf5 Nf8 20. Bd2 Ne6 21. g5 fxg5 22. Bxg5 hxg5 23. Nxg5 Nf4 24. Qe3 Bxh5 25. Nh3 Ne6 26. Qh6 Qf7 27. Nxd6 Qf3 28. Nf5 Qe2# 0-1


[Site "https://www.chess.com"]

[Event "Titled Tuesday Blitz July 18 Late 2023"]
[White "Moskalenko, Alexander"]
[Black "Medarde Santiago, Luis Marcos"]
[WhiteFideId "4155351"]
[BlackFideId "2263076"]
[WhiteElo "2882"]
[BlackElo "2652"]
[Result "1-0"]
[Round "10"]
[TimeControl "180+2"]
[Date "2023.07.18"]
[WhiteClock "0:00:16"]
[BlackClock "0:00:38"]
[Board "17"]

1. Nc3 c5 2. e4 g6 3. f4 Bg7 4. Nf3 Nc6 5. Bc4 e6 6. d3 Nge7 7. e5 d5 8. exd6 Nf5 9. Bb5 O-O 10. Bxc6 bxc6 11. O-O Ba6 12. Ne5 c4 13. Nxc4 Bxc4 14. dxc4 Qxd6 15. Ne4 Qb4 16. Qd3 Rad8 17. Qb3 Qa5 18. c3 Nd6 19. Nxd6 Qc5+ 20. Kh1 Qxd6 21. Be3 Qc7 22. Rad1 Rxd1 23. Qxd1 Rd8 24. Qf3 Qa5 25. a3 Qa6 26. Qe4 Qa4 27. Kg1 Rd1 28. Rxd1 Qxd1+ 29. Kf2 Qb3 30. Bc1 Qd1 31. Qe1 Qc2+ 32. Qd2 Qf5 33. h3 h5 34. Qd8+ Kh7 35. Be3 e5 36. Qd6 Qc2+ 37. Qd2 Qe4 38. fxe5 Bxe5 39. Bd4 Qf5+ 40. Kg1 Bf4 41. Qe2 Qb1+ 42. Kf2 Bc1 43. b4 Qf5+ 44. Qf3 Qe6 45. a4 Bd2 46. Qe2 Qf5+ 47. Kg1 Bh6 48. Qe5 Qb1+ 49. Kh2 g5 50. Qh8+ Kg6 51. Qf6+ Kh7 52. Qxf7+ Bg7 53. Qxg7# 1-0


[Site "https://www.chess.com"]

[Event "Titled Tuesday Blitz July 18 Late 2023"]
[White "Bartel, Mateusz"]
[Black "Philippe, Guillaume"]
[WhiteFideId "1112635"]
[BlackFideId "36048763"]
[WhiteElo "2848"]
[BlackElo "2558"]
[Result "0-1"]
[Round "10"]
[TimeControl "180+2"]
[Date "2023.07.18"]
[WhiteClock "0:00:18"]
[BlackClock "0:01:53"]
[Board "18"]

1. e4 e5 2. Nf3 Nc6 3. d4 exd4 4. Nxd4 Nf6 5. Nxc6 bxc6 6. Nd2 Bc5 7. e5 Qe7 8. Qe2 Nd5 9. Ne4 O-O 10. Nxc5 Qxc5 11. Qe4 Re8 12. f4 d6 13. Bd3 Nf6 14. Qe3 Qxe3+ 15. Bxe3 dxe5 16. O-O e4 17. Bc4 Be6 18. Ba6 Bc8 19. Bc4 a5 20. Bd4 Nd5 21. f5 Ba6 22. Bxa6 Rxa6 23. Rae1 Raa8 24. c4 Nb4 25. a3 Nc2 26. Rd1 e3 0-1


[Site "https://www.chess.com"]

[Event "Titled Tuesday Blitz July 18 Late 2023"]
[White "Nihal Sarin"]
[Black "Vovk, Orest"]
[WhiteFideId "25092340"]
[BlackFideId "14113490"]
[WhiteElo "3044"]
[BlackElo "2602"]
[Result "1-0"]
[Round "10"]
[TimeControl "180+2"]
[Date "2023.07.18"]
[WhiteClock "0:03:06"]
[BlackClock "0:00:00"]
[Board "19"]

1. a3 g5 2. d4 h6 3. h4 g4 4. g3 Bg7 5. Bg2 d5 6. c3 Bf5 7. Nd2 c6 8. e4 dxe4 9. Nxe4 Nf6 10. Nxf6+ Bxf6 11. Ne2 Nd7 12. O-O e5 13. Re1 Qc7 14. dxe5 Bxe5 15. Nd4 Bg6 16. Qxg4 O-O-O 17. Rxe5 Qxe5 18. Bf4 Qh5 19. Qh3 Rhe8 20. b4 Be4 21. Bxe4 Rxe4 22. Nf5 Rxf4 23. gxf4 Rg8+ 24. Kf1 Qg4 25. Qxg4 Rxg4 26. Re1 Rxf4 27. Nxh6 f6 28. h5 Rh4 29. Re8+ Kc7 30. Re7 Rh1+ 31. Kg2 Rxh5 32. Ng4 Rg5 33. Kh3 Kd6 34. Rh7 Ke6 35. f4 Rd5 36. Kh4 Rd1 37. Kg3 Rd3+ 38. Kf2 Rxc3 39. Ne3 Rxa3 40. f5+ 1-0


[Site "https://www.chess.com"]

[Event "Titled Tuesday Blitz July 18 Late 2023"]
[White "Fonseca Manrique, Enrique"]
[Black "Pranav, V"]
[WhiteFideId "5114330"]
[BlackFideId "25060783"]
[WhiteElo "2594"]
[BlackElo "2953"]
[Result "0-1"]
[Round "10"]
[TimeControl "180+2"]
[Date "2023.07.18"]
[WhiteClock "0:00:10"]
[BlackClock "0:00:44"]
[Board "20"]

1. e4 e5 2. Nf3 Nc6 3. Bb5 a6 4. Ba4 d6 5. d4 Bd7 6. c3 Nf6 7. O-O g6 8. Re1 Bg7 9. h3 O-O 10. a3 Re8 11. Bc2 Nh5 12. Bg5 Qc8 13. d5 Ne7 14. Nbd2 h6 15. Be3 Rf8 16. c4 f5 17. exf5 Bxf5 18. Ne4 Bd7 19. b4 Nf5 20. Rc1 Nxe3 21. fxe3 a5 22. c5 axb4 23. axb4 Bxh3 24. gxh3 Qxh3 25. Nh2 Ng3 26. Qg4 Qxg4 27. Nxg4 Nf5 28. Ra1 h5 29. Ngf2 Bh6 30. cxd6 cxd6 31. Bd3 Rxa1 32. Rxa1 Bxe3 33. Kg2 Nh4+ 34. Kg3 g5 35. Ra2 Rf3+ 36. Kh2 g4 37. Nh1 Rh3# 0-1


[Site "https://www.chess.com"]

[Event "Titled Tuesday Blitz July 18 Late 2023"]
[White "Gadimbayli, Abdulla"]
[Black "Gascon Del Nogal, Jose Rafael"]
[WhiteFideId "13404938"]
[BlackFideId "3902463"]
[WhiteElo "2846"]
[BlackElo "2585"]
[Result "1-0"]
[Round "10"]
[TimeControl "180+2"]
[Date "2023.07.18"]
[WhiteClock "0:01:39"]
[BlackClock "0:00:03"]
[Board "21"]

1. Nf3 c5 2. e4 d6 3. d4 cxd4 4. Nxd4 Nf6 5. Nc3 Nc6 6. Bb5 Bd7 7. Bg5 Nxd4 8. Bxd7+ Qxd7 9. Qxd4 e6 10. Bxf6 gxf6 11. Qxf6 Rg8 12. O-O Rc8 13. Rad1 Bg7 14. Qh4 Be5 15. Rd3 Qe7 16. Qh3 Qg5 17. f4 Bxf4 18. Rdf3 Be5 19. Rxf7 Qg6 20. R7f6 Bxf6 21. Qxe6+ Kd8 22. Qxd6+ Ke8 23. Qe6+ Kd8 24. Rd1+ Bd4+ 25. Rxd4+ Kc7 26. Qe5+ Kc6 27. Qb5+ Kc7 28. Rd7+ 1-0


[Site "https://www.chess.com"]

[Event "Titled Tuesday Blitz July 18 Late 2023"]
[White "Meshkovs, Nikita"]
[Black "Bartel, Michal"]
[WhiteFideId "11602740"]
[BlackFideId "1119257"]
[WhiteElo "2768"]
[BlackElo "2583"]
[Result "1-0"]
[Round "10"]
[TimeControl "180+2"]
[Date "2023.07.18"]
[WhiteClock "0:00:09"]
[BlackClock "0:00:04"]
[Board "22"]

1. Nf3 d5 2. c4 c6 3. d4 Nf6 4. Nc3 a6 5. Bf4 dxc4 6. e4 b5 7. Be2 b4 8. Na4 Nxe4 9. Bxc4 e6 10. O-O Be7 11. Qe2 Nf6 12. Rad1 O-O 13. Rfe1 h6 14. Ne5 Nd5 15. Bc1 a5 16. Qg4 Kh8 17. Qh5 Kg8 18. Bxh6 gxh6 19. Qxh6 Bg5 20. Qh5 Qf6 21. Nc5 Qg7 22. Ne4 f6 23. Ng6 Nf4 24. Nxf4 Bxf4 25. Nc5 Ra7 26. Rxe6 Raf7 27. Re4 Bg4 28. Bxf7+ Rxf7 29. Qh4 Bf3 30. Re8+ Rf8 31. Rxf8+ Qxf8 32. Re1 Qg7 33. Qh3 Bg3 34. hxg3 Bg4 35. Qh4 Kf7 36. f3 Bf5 37. Qf4 Nd7 38. Qxf5 1-0


[Site "https://www.chess.com"]

[Event "Titled Tuesday Blitz July 18 Late 2023"]
[White "Fantastic_Power"]
[Black "Petesch, Gabriel"]
[BlackFideId "2032465"]
[WhiteElo "2752"]
[BlackElo "2583"]
[Result "1-0"]
[Round "10"]
[TimeControl "180+2"]
[Date "2023.07.18"]
[WhiteClock "0:00:04"]
[BlackClock "0:00:00"]
[Board "23"]

1. e4 d6 2. d4 e5 3. Nf3 exd4 4. Nxd4 Nf6 5. Nc3 Be7 6. Bf4 O-O 7. Qd2 a6 8. f3 b5 9. g4 Nfd7 10. Nf5 Bb7 11. Nd5 Bxd5 12. Qxd5 Nb6 13. Nxe7+ Qxe7 14. Qd2 Nc6 15. O-O-O Ne5 16. Be2 a5 17. Bg3 b4 18. Kb1 a4 19. Qxb4 Rfb8 20. Qd4 Nbd7 21. f4 Nc6 22. Qc3 Nc5 23. Bf3 Rb6 24. e5 Rab8 25. exd6 cxd6 26. Ka1 a3 27. b3 Nb4 28. Rd2 Ne4 29. Re1 Nxc3 30. Rxe7 Nbxa2 31. Bf2 Rb4 32. Bd4 f6 33. g5 Kf8 34. Rc7 Rxb3 35. cxb3 Rxb3 36. Rd1 Nxd1 37. Bxd1 Rd3 38. Kxa2 Rxd4 39. Bb3 Rxf4 40. Rf7+ Ke8 41. Rxg7 fxg5 42. Rxh7 1-0


[Site "https://www.chess.com"]

[Event "Titled Tuesday Blitz July 18 Late 2023"]
[White "Stoyanov, Tsvetan"]
[Black "Pham, Le Thao Nguyen"]
[WhiteFideId "2917173"]
[BlackFideId "12401226"]
[WhiteElo "2727"]
[BlackElo "2571"]
[Result "1-0"]
[Round "10"]
[TimeControl "180+2"]
[Date "2023.07.18"]
[WhiteClock "0:00:07"]
[BlackClock "0:00:00"]
[Board "24"]

1. c4 e6 2. Nc3 d5 3. e3 Nf6 4. Nf3 Be7 5. b3 O-O 6. Bb2 b6 7. cxd5 Nxd5 8. Nxd5 Qxd5 9. Qc2 c5 10. Bd3 f5 11. Bc4 Qd6 12. d4 Nd7 13. O-O Bb7 14. dxc5 Nxc5 15. Rad1 Qc6 16. a4 Bf6 17. Bxf6 Rxf6 18. Bb5 Qe4 19. Qxe4 Bxe4 20. b4 a6 21. bxc5 axb5 22. axb5 Bxf3 23. gxf3 bxc5 24. Rc1 Rc8 25. Rfd1 Rf7 26. Rd6 Rb7 27. Rc6 Rcb8 28. R1xc5 Rxb5 29. Rxb5 Rxb5 30. Rxe6 Kf7 31. Ra6 h6 32. f4 h5 33. Kg2 g6 34. Kg3 Rb1 35. Ra5 Kf6 36. Re5 Rg1+ 37. Kf3 Rh1 38. Kg2 Re1 39. Re8 Kf7 40. Ra8 Kf6 41. Ra6+ Kg7 42. Ra2 Kf6 43. Kf3 Rh1 44. Kg2 Re1 45. Rd2 Kf7 46. h3 Kg7 47. Kf3 Rh1 48. Kg3 Rg1+ 49. Kh2 Re1 50. Kg2 Kf6 51. Rd6+ Kf7 52. Rb6 Kg7 53. Kg3 Rg1+ 54. Kf3 Rh1 55. Kg2 Re1 56. Rb3 Kf6 57. f3 h4 58. Ra3 Re2+ 59. Kg1 Re1+ 60. Kf2 Rh1 61. e4 Rh2+ 62. Kg1 Rxh3 63. e5+ Kf7 64. Kg2 Rg3+ 65. Kh2 1-0


[Site "https://www.chess.com"]

[Event "Titled Tuesday Blitz July 18 Late 2023"]
[White "Wieczorek, Oskar"]
[Black "Altman, Joshua"]
[WhiteFideId "1133950"]
[BlackFideId "426210"]
[WhiteElo "2719"]
[BlackElo "2566"]
[Result "0-1"]
[Round "10"]
[TimeControl "180+2"]
[Date "2023.07.18"]
[WhiteClock "0:00:00"]
[BlackClock "0:00:11"]
[Board "25"]

1. e4 e6 2. d4 d5 3. Nd2 Nf6 4. e5 Nfd7 5. c3 c5 6. f4 Nc6 7. Ndf3 Qb6 8. a3 Be7 9. b4 cxd4 10. cxd4 a6 11. Nh3 Qc7 12. Be2 b5 13. O-O Nb6 14. Qe1 Nc4 15. Qg3 g6 16. f5 exf5 17. Bh6 Be6 18. Nf4 Qd7 19. Nd3 a5 20. Bg7 Rg8 21. Bf6 g5 22. Qh3 g4 23. Qxh7 O-O-O 24. Nfe1 Bxf6 25. Nc5 Qe7 26. Rxf5 Nxd4 27. Rxf6 Nxe2+ 28. Kf2 Nd4 29. Nc2 Rh8 30. Qd3 Nxc2 31. Qxc2 Rxh2 32. Kg3 Rdh8 33. Raf1 Ne3 34. Qc3 Rxg2+ 35. Kf4 d4 36. Qxd4 Nd5+ 0-1


[Site "https://www.chess.com"]

[Event "Titled Tuesday Blitz July 18 Late 2023"]
[White "Velikanov, Alexander"]
[Black "Marosi, Levente"]
[WhiteFideId "2039290"]
[BlackFideId "747181"]
[WhiteElo "2707"]
[BlackElo "2563"]
[Result "0-1"]
[Round "10"]
[TimeControl "180+2"]
[Date "2023.07.18"]
[WhiteClock "0:01:35"]
[BlackClock "0:01:24"]
[Board "26"]

1. d4 Nf6 2. Nf3 g6 3. Bg5 Bg7 4. Nbd2 d5 5. Bxf6 exf6 6. e4 dxe4 7. Nxe4 O-O 8. Be2 Re8 9. Ng3 f5 10. Qd2 Qd6 11. O-O-O f4 12. Nf1 Qe6 13. Kb1 Qxe2 0-1


[Site "https://www.chess.com"]

[Event "Titled Tuesday Blitz July 18 Late 2023"]
[White "ArtemDyachuk"]
[Black "Rastbod, Ali"]
[BlackFideId "12567477"]
[WhiteElo "2552"]
[BlackElo "2694"]
[Result "1-0"]
[Round "10"]
[TimeControl "180+2"]
[Date "2023.07.18"]
[WhiteClock "0:00:17"]
[BlackClock "0:00:02"]
[Board "27"]

1. e4 e6 2. d4 d5 3. e5 c5 4. c3 Qb6 5. Nf3 Bd7 6. Be2 cxd4 7. cxd4 Bb5 8. Nc3 Bxe2 9. Nxe2 Nc6 10. O-O Nge7 11. Be3 Nf5 12. Ng3 Nxg3 13. fxg3 Be7 14. Qe2 O-O 15. g4 f6 16. Rad1 fxe5 17. dxe5 Bc5 18. Bxc5 Qxc5+ 19. Kh1 Qb4 20. h3 Rae8 21. Qd3 Qf4 22. Rfe1 Rf7 23. Qb5 Ref8 24. Qc5 h6 25. Qd6 Re8 26. Rf1 Qg3 27. b4 a6 28. a4 Rff8 29. b5 axb5 30. axb5 Na5 31. Qc7 Nc4 32. Qc5 Ne3 33. Qxe3 Rf4 34. Qe1 Rxg4 35. hxg4 Qxg4 36. Rd4 Qg6 37. Kh2 1-0


[Site "https://www.chess.com"]

[Event "Titled Tuesday Blitz July 18 Late 2023"]
[White "Chor, Kevin"]
[Black "Amburgy, Ryan"]
[WhiteFideId "2090740"]
[BlackFideId "30924820"]
[WhiteElo "2531"]
[BlackElo "2682"]
[Result "1-0"]
[Round "10"]
[TimeControl "180+2"]
[Date "2023.07.18"]
[WhiteClock "0:00:11"]
[BlackClock "0:00:55"]
[Board "28"]

1. e4 c6 2. d4 d5 3. exd5 cxd5 4. c4 Nf6 5. Nc3 g6 6. Bg5 Bg7 7. Bxf6 exf6 8. c5 O-O 9. Nf3 Nc6 10. Be2 Bg4 11. O-O f5 12. h3 Bxf3 13. Bxf3 Nxd4 14. Bxd5 Qc7 15. Rc1 Rad8 16. b4 Rfe8 17. Qa4 b5 18. Nxb5 Qd7 19. Bc4 a6 20. Nc3 Qxa4 21. Nxa4 Ne2+ 22. Bxe2 Rxe2 23. Nb6 Bd4 24. a4 Rb2 25. Rc4 g5 26. a5 g4 27. hxg4 fxg4 28. c6 g3 29. c7 Bxf2+ 30. Kh1 Re8 31. Nd5 Kg7 32. c8=Q Rxc8 33. Rxc8 Rd2 34. Nf4 Rd4 35. Nh3 Be3 36. b5 axb5 37. Rc7 Ra4 38. Rcxf7+ Kg8 39. R7f3 Bf2 40. Nxf2 gxf2 41. Rg3+ Kf7 42. Rxf2+ Ke6 43. Re3+ Kd5 44. Re7 Rxa5 45. Rxh7 Ra1+ 46. Kh2 b4 47. Rb7 Rb1 48. Rf4 Kc5 49. Rfxb4 Rxb4 50. Rxb4 Kxb4 51. Kg3 Kc5 52. Kf4 Kd6 53. Kf5 Ke7 54. Kg6 Kf8 55. g4 Kg8 56. g5 Kh8 57. Kf7 Kh7 58. g6+ Kh6 59. g7 Kg5 60. g8=Q+ Kf5 61. Ke7 Ke5 62. Qf7 Kd4 63. Qe6 Kc5 64. Qd7 Kc4 65. Qd6 Kc3 66. Qd5 Kb4 67. Qc6 1-0


[Site "https://www.chess.com"]

[Event "Titled Tuesday Blitz July 18 Late 2023"]
[White "Bjelobrk, Igor"]
[Black "Van Foreest, Machteld"]
[WhiteFideId "4300726"]
[BlackFideId "1051563"]
[WhiteElo "2661"]
[BlackElo "2525"]
[Result "1-0"]
[Round "10"]
[TimeControl "180+2"]
[Date "2023.07.18"]
[WhiteClock "0:01:38"]
[BlackClock "0:00:54"]
[Board "29"]

1. d4 Nf6 2. c4 e6 3. g3 d5 4. Nf3 Be7 5. Bg2 O-O 6. O-O c6 7. Qc2 b6 8. Rd1 Nbd7 9. b3 Bb7 10. Nc3 Rc8 11. e4 dxe4 12. Nxe4 Nxe4 13. Qxe4 Nf6 14. Qc2 Qc7 15. Bf4 Bd6 16. Bxd6 Qxd6 17. c5 Qc7 18. b4 Rfd8 19. a3 a5 20. bxa5 bxc5 21. Qxc5 Rd5 22. Qb4 Rxa5 23. Ne5 Nd5 24. Qb3 Rca8 25. Rdc1 R5a6 26. a4 Qa5 27. Qxb7 Qb6 1-0


[Site "https://www.chess.com"]

[Event "Titled Tuesday Blitz July 18 Late 2023"]
[White "Karaoglan, Doruk"]
[Black "Toniutti, Ezio"]
[WhiteFideId "6390927"]
[BlackFideId "113034"]
[WhiteElo "2628"]
[BlackElo "2499"]
[Result "1/2-1/2"]
[Round "10"]
[TimeControl "180+2"]
[Date "2023.07.18"]
[WhiteClock "0:00:11"]
[BlackClock "0:00:05"]
[Board "30"]

1. e4 e5 2. Nf3 Nc6 3. Bc4 Nf6 4. d3 Be7 5. c3 O-O 6. Bb3 d6 7. h3 Na5 8. Bc2 c5 9. Nbd2 Nc6 10. Qe2 Re8 11. Nf1 Bf8 12. g4 d5 13. Ng3 Be6 14. Bg5 Be7 15. Nf5 Bxf5 16. gxf5 Kh8 17. h4 d4 18. Bb3 Rf8 19. h5 h6 20. Bd2 Rc8 21. Nh4 Na5 22. Ng6+ fxg6 23. Be6 gxf5 24. cxd4 Nc6 25. dxe5 Nxe5 26. Bxc8 Qxc8 27. Bc3 Bd6 28. O-O-O f4 29. f3 b5 30. Rdg1 b4 31. Bd2 Qa6 32. Qg2 Rf7 33. Kb1 Qxd3+ 34. Ka1 c4 35. Qh3 c3 36. Qc8+ Rf8 37. Qb7 Rf7 38. Qc8+ Rf8 39. Qb7 Nf7 40. Bc1 Be5 41. Rh2 cxb2+ 42. Bxb2 Bxb2+ 43. Rxb2 Qd4 44. Rc1 a5 45. Rc7 Ne5 46. Rxg7 Nd3 47. Rg2 Nxb2 48. Rxb2 Qd1+ 49. Rb1 Qd4+ 50. Rb2 Qd1+ 51. Rb1 Qd4+ 52. Rb2 1/2-1/2


[Site "https://www.chess.com"]

[Event "Titled Tuesday Blitz July 18 Late 2023"]
[White "Glavina, Pablo"]
[Black "Arabidze, Meri"]
[WhiteFideId "100234"]
[BlackFideId "13604040"]
[WhiteElo "2487"]
[BlackElo "2623"]
[Result "1-0"]
[Round "10"]
[TimeControl "180+2"]
[Date "2023.07.18"]
[WhiteClock "0:00:16"]
[BlackClock "0:00:00"]
[Board "31"]

1. c4 e5 2. Nc3 Nc6 3. Nf3 Nf6 4. g3 g6 5. d4 exd4 6. Nxd4 Bg7 7. Nxc6 bxc6 8. Bg2 O-O 9. O-O Rb8 10. Qa4 a6 11. Rd1 Qe7 12. Qa5 d5 13. Bf4 Rxb2 14. Bxc7 Re8 15. cxd5 cxd5 16. Bf4 Bg4 17. Rac1 h6 18. h3 Be6 19. e3 Ne4 20. Nxd5 Bxd5 21. Rxd5 Nxf2 22. Rc7 Qe6 23. Rdd7 Nxh3+ 24. Kh1 Nf2+ 25. Kg1 Nh3+ 26. Kh1 Nxf4 27. Rxf7 Nh5 28. Rxg7+ Kh8 29. Rh7+ Kg8 30. Bd5 Nxg3+ 31. Kg1 Ne2+ 32. Kf1 Ng3+ 33. Ke1 Rb1+ 34. Kd2 Ne4+ 35. Kc2 Rc1+ 36. Kxc1 1-0


[Site "https://www.chess.com"]